 Dungeon Crawl Stone Soup version 0.32-a0-42-ga30500b (webtiles) character file.

Game seed: 17405133577304428486

65839 EvilAliv3XIII the Unseen (level 14, 88/88 HPs)
             Began as a Vampire Monk on Oct 28, 2021.
             Was an Elder of Dithmenos.
             Quit the game on level 2 of the Orcish Mines on Jan 29, 2024.
             The game lasted 06:09:15 (35386 turns).

EvilAliv3XIII the Unseen (Vampire Monk)            Turns: 35386, Time: 06:09:15

Health: 88/88      AC: 10    Str: 14    XL:     14   Next: 77%
Magic:  21/21      EV: 18    Int: 12    God:    Dithmenos [****..]
Gold:   28         SH:  8    Dex: 18    Spells: 16/23 levels left

rFire   + + +        a - +7 rapier of the Mushroom {venom, rF+ Str+3 Int-3}
rCold   + + +        E - +3 buckler
rNeg    + + +        N - +1 acid dragon scales
rPois   ∞            (no helmet)
rElec   .            T - scarf {repulsion}
rCorr   +            O - +2 pair of gloves "Hoizxoej" {Rampage rF+ Will++}
SInv    +            (no boots)
Will    +++..        A - amulet of guardian spirit Stlth ***+++++++
                     S - ring of protection from cold
HPRegen 0.34/turn    B - ring of protection from fire
MPRegen 0.17/turn

%: repel missiles, guardian spirit, rampage
@: bloodless, wreathed by umbra
A: bloodless, fangs 3, see invisible, vampiric 2
a: Bat Form, Revivify, Renounce Religion, Shadow Step


You were on level 2 of the Orcish Mines.
You worshipped Dithmenos.
Dithmenos was greatly pleased with you.
You visited 5 branches of the dungeon, and saw 23 of its levels.

You collected 1932 gold pieces.
You spent 1904 gold pieces at shops.

Inventory:

Hand Weapons
 a - the +7 rapier of the Mushroom (weapon) {venom, rF+ Str+3 Int-3}
   (You bought it in a shop on level 2 of the Orcish Mines)

   Str+3:     It affects your strength (+3).
   Int-3:     It affects your intelligence (-3).
   rF+:       It protects you from fire.
 b - a +0 short sword of electrocution
 c - a +4 dagger
Missiles
 p - 26 poisoned darts (quivered)
 w - 2 throwing nets
 Q - 8 atropa-tipped darts
Armour
 E - a +3 buckler (worn)
 N - +1 acid dragon scales (worn)
 O - the +2 pair of gloves "Hoizxoej" (worn) {Rampage rF+ Will++}
   (You found it on level 1 of the Snake Pit)

   rF+:       It protects you from fire.
   Will++:    It greatly increases your willpower.
   Rampage:   It bestows one free step when moving towards enemies.
 T - a scarf of repulsion (worn)
Jewellery
 g - a +6 ring of intelligence
 A - an amulet of guardian spirit (around neck)
 B - a ring of protection from fire (right hand)
 I - a ring of flight
 S - a ring of protection from cold (left hand)
Wands
 f - a wand of flame (2)
 o - a wand of digging (13)
 z - a wand of iceblast (10)
Scrolls
 h - 2 scrolls of fog {unknown}
 j - 2 scrolls of amnesia
 k - a scroll of vulnerability {unknown}
 l - 5 scrolls of enchant weapon
 m - a scroll of torment {unknown}
 n - a scroll of acquirement {unknown}
 r - a scroll of identify
 s - 3 scrolls of immolation
 y - a scroll of enchant armour
 C - 6 scrolls of revelation
 H - 2 scrolls of brand weapon
 K - a scroll of blinking
 M - a scroll of silence {unknown}
 P - 3 scrolls of teleportation
Potions
 d - 2 potions of mutation
 e - 4 potions of brilliance
 q - a potion of magic
 t - 2 potions of enlightenment
 x - 5 potions of curing
 F - 3 potions of might
 G - 2 potions of attraction
 L - 3 potions of ambrosia
Miscellaneous
 u - a box of beasts
 v - a lightning rod (3/4)
 R - a phantom mirror
 V - a removed chess piece


   Skills:
 + Level 10.4 Fighting
 - Level 13.8(14.0) Short Blades
 - Level 3.0(8.7) Long Blades
 + Level 12.5 Dodging
 - Level 17.0 Stealth
 - Level 4.0 Shields
 - Level 5.0 Spellcasting
 - Level 8.0 Hexes
 - Level 10.0 Evocations


You had 16 spell levels left.
You knew the following spells:

 Your Spells              Type           Power      Damage    Failure   Level
a - Cause Fear            Hex            11%        N/A       14%         4
b - Tukima's Dance        Hex            22%        N/A       4%          3

Your spell library contained the following spells:

 Spells                   Type           Power      Damage    Failure   Level
 Inner Flame              Hex/Fire       12%        N/A       22%         3
 Portal Projectile        Hex/Tloc       24%        N/A       22%         3
 Animate Skeleton         Necr           6%         N/A       36%         1
 Apportation              Tloc           6%         N/A       36%         1
 Magic Dart               Conj           12%        1d3       36%         1
 Pain                     Necr           12%        1d4       36%         1
 Sandblast                Erth           6%         2d5       36%         1
 Blink                    Tloc           6%         N/A       50%         2
 Scorch                   Fire           6%         2d5       50%         2
 Searing Ray              Conj           6%         2d4       50%         2
 Static Discharge         Conj/Air       6%         3-4/arc   50%         2
 Fugue of the Fallen      Necr           3%         N/A       75%         3
 Mephitic Cloud           Conj/Alch/Air  3%         N/A       75%         3
 Passwall                 Erth           3%         N/A       75%         3
 Stone Arrow              Conj/Erth      6%         3d7       75%         3
 Swiftness                Air            3%         N/A       75%         3
 Vampiric Draining        Necr           3%         2d6       75%         3
 Yara's Violent Unravell  Hex/Alch       6%         3d5       90%         5
 Invisibility             Hex            11%        N/A       91%         6
 Dispel Undead            Necr           3%         3d7       98%         4
 Flame Wave               Conj/Fire      3%         2d5       98%         4
 Fulminant Prism          Conj/Alch      1%         3d5       98%         4
 Ignite Poison            Fire/Alch      3%         N/A       98%         4
 Manifold Assault         Tloc           3%         N/A       98%         4
 Passage of Golubria      Tloc           3%         N/A       98%         4
 Sticky Flame             Fire/Alch      3%         2d4       98%         4
 Summon Blazeheart Golem  Fire/Summ      3%         N/A       98%         4
 Alistair's Intoxication  Alch           2%         N/A       100%        5
 Freezing Cloud           Conj/Ice/Air   1%         6-21      100%        5
 Summon Cactus Giant      Summ           1%         N/A       100%        6
 Orb of Destruction       Conj           1%         9d5       100%        7
 Spellforged Servitor     Conj/Summ      1%         N/A       100%        7
 Discord                  Hex            11%        N/A       100%        8


Dungeon Overview and Level Annotations

Branches:
Dungeon (12/15)            Temple (0/1) D:5            Lair (6/6) D:9
  Swamp (2/4) Lair:2        Snake (1/4) Lair:2        Slime (0/5) Lair:5
    Orc (2/2) D:12            Elf (0/3) Orc:2

Altars:
Ashenzari
Dithmenos
Kikubaaqudgha
Vehumet
Xom
Ignis
Jiyva

Shops:
D:12 (   Orc:2 !*!(?

Annotations:
D:11 Gastronok
D:12 2 transporters, Caerwyn's ghost, journeyman DjCj
Orc:1 Erica
Orc:2 3 runed translucent doors, nllptrxc's ghost, journeyman DECj


Innate Abilities, Weirdness & Mutations

You do not regenerate when monsters are visible.
You are frail without blood (-20% HP).
You can heal yourself when you bite living creatures.
You are immune to poison.
You have razor-sharp teeth.
You have supernaturally acute eyesight. (SInv)
You are afflicted with vampirism and can become a bat while bloodless.


Message History

The orc knight goes into a battle-frenzy!
You hear a shout!
There is a stone staircase leading down here.
The orc priest hits you but does no damage.
You climb downwards.
Level annotation: 3 runed translucent doors, nllptrxc's ghost, journeyman DECj
There is a stone staircase leading up, spattered with blood here.
Things that are here:
a +0 giant spiked club; an ogre corpse You puncture the orc priest!
The orc priest is poisoned.
The orc priest is severely wounded.
The orc priest misses you.
You hit the orc priest.
The orc priest looks as sick as possible!
You bite the orc priest.
You draw the orc priest's blood!
You feel better.
The orc priest is almost dead.
Your shadow hits the orc priest with a rapier.
You kill the orc priest!
Dithmenos accepts your kill.
You start resting.
Magic restored.
You start resting.
HP restored.
Saving game... please wait.
Level annotation: 3 runed translucent doors, nllptrxc's ghost, journeyman DECj Welcome back, EvilAliv3XIII the Vampire Monk.
Dithmenos says: Spread the eternal night.
Press ? for a list of commands and other information.
Unknown command.
Unknown command.
Saving game... please wait.
Level annotation: 3 runed translucent doors, nllptrxc's ghost, journeyman DECj Welcome back, EvilAliv3XIII the Vampire Monk.
Dithmenos says: Spread the eternal night.
Press ? for a list of commands and other information.
Unknown command.
Aiming: Dig
Press: ? - help, Q - select action, (/) - cycle Shift-Dir - straight line
Okay, then.
Are you sure you want to abandon this character and quit the game? (Confirm with "yes".)

##.#......................
##.........................
#...#......................
##.........................
##.......................#.#
##.#.......................∩.
##.........................#.#
###.#.........)[).#.............
##.............)@[.............#.
#....##.#......).).............)#
##.########....#...........#.....
### #....#............#.....
#....#...........#.#....
#.....#.................
##.....#.........##......
#.......#....#...###...#.
##...............####....


There were no monsters in sight!

Vanquished Creatures
  A naga warrior (Snake:1)
  6 hydras
  2 boulder beetles
  2 two-headed ogres (D:10)
  3 alligators (Swamp:1)
  5 orc high priests
  A naga sharpshooter (Lair:2)
  Nergalle (D:10)
  A shock serpent (Lair:2)
  4 bog bodies
  3 sea snakes
  3 lindwurms
  4 orc knights
  A wolf spider (D:12)
  2 mana vipers
  9 orc sorcerers
  An ugly thing (D:10)
  3 salamanders
  A cyclops (D:12)
  2 manticores (D:12)
  8 black mambas
  8 elephants
  3 naga magi
  An unseen horror (D:12)
  16 cane toads
  11 komodo dragons
  2 rime drakes
  2 kobold demonologists
  3 trolls
  3 polar bears (Lair:2)
  3 tyrant leeches
  A queen bee (Lair:3)
  5 hornets
  7 blink frogs
  A meliai zombie (D:11)
  A spriggan (Swamp:1)
  A shadow (D:11)
  3 wyverns
  20 yaks
  A basilisk (Lair:4)
  A wraith (D:11)
  9 fire elementals
  3 steam dragons
  2 vampire mosquitoes (D:11)
  Menkaure (D:7)
  8 nagas
  An acid dragon (D:11)
  3 swamp worms
  18 water moccasins
  A hornet zombie (D:8)
  19 orc warriors
  A sky beast (D:8)
  2 ice beasts
  6 ogres
  2 necrophages
  21 wolves
  3 centaurs
  2 phantoms
  12 bullfrogs
  6 kobold brigands
  A gnoll sergeant (D:7)
  4 scorpions
  A wyvern skeleton (D:7)
  24 killer bees
  5 wights
  4 electric eels (Snake:1)
  4 howler monkeys
  A centaur zombie (D:8)
  2 jellies
  A hound (D:5)
  A gnoll bouda (D:7)
  10 orc priests
  2 bullfrog skeletons
  A centaur skeleton (D:5)
  3 iguanas
  14 orc wizards
  Natasha (thrice) (D:4)
  A scorpion zombie (D:5)
  6 hell rats (Lair:2)
  18 gnolls
  7 adders
  3 white imps
  2 ufetubi (D:5)
  2 ribbon worms
  4 dart slugs
  53 orcs
  6 bats
  8 endoplasms
  4 giant cockroaches
  4 goblins
  12 hobgoblins
  6 jackals
  20 kobolds
  4 quokkas
  8 ball pythons
  2 frilled lizards (D:1)
  5 rats
532 creatures vanquished.

Vanquished Creatures (collateral kills)
  Asterion (Snake:1)
  An anaconda (Snake:1)
  A troll (Orc:1)
  2 orc warriors (Orc:1)
  An orc wizard (Orc:1)
6 creatures vanquished.

Vanquished Creatures (others)
  An orc (D:5)
  120 foxfires
121 creatures vanquished.

Grand Total: 659 creatures vanquished

Notes
Turn   | Place    | Note
-------+----------+-------------------------------------------
     0 | D:1      | EvilAliv3XIII the Vampire Monk began the quest for the Orb.
     0 | D:1      | Reached XP level 1. HP: 17/17 MP: 1/1
    67 | D:1      | Reached XP level 2. HP: 19/23 MP: 2/2
   270 | D:1      | Reached skill level 4 in Stealth
   297 | D:1      | Gained mutation: You are afflicted with vampirism and can
                  | become a bat while bloodless. [Vampire growth]
   297 | D:1      | Reached XP level 3. HP: 29/29 MP: 3/3
   393 | D:1      | Found a faded altar of an unknown god.
   401 | D:1      | Prayed at the altar of an unknown god.
   401 | D:1      | Became a worshipper of Ignis, the Dying Flame
   401 | D:1      | Reached ****** piety under Ignis
  1529 | D:3      | Reached XP level 4. HP: 35/35 MP: 4/4
  2559 | D:4      | Reached skill level 5 in Stealth
  2605 | D:4      | Reached XP level 5. HP: 30/42 MP: 5/5
  2965 | D:5      | Entered Level 5 of the Dungeon
  3051 | D:4      | Reached skill level 5 in Dodging
  3051 | D:4      | Reached skill level 6 in Stealth
  3051 | D:4      | Reached XP level 6. HP: 12/48 MP: 6/6
  3058 | D:4      | HP: 2/48 [poisoned by a scorpion]
  3307 | D:4      | Noticed Natasha
  3316 | D:4      | Killed Natasha
  3578 | D:4      | Noticed Natasha
  3602 | D:4      | Killed Natasha
  3789 | D:5      | Found a staircase to the Ecumenical Temple.
  4031 | D:5      | Reached skill level 7 in Stealth
  4091 | D:5      | Reached XP level 7. HP: 55/55 MP: 7/7
  4319 | D:5      | Found a broken altar of Ashenzari.
  4542 | D:4      | Reached skill level 5 in Fighting
  4593 | D:4      | Reached skill level 8 in Stealth
  4648 | D:4      | Noticed Natasha
  4661 | D:4      | Killed Natasha
  4824 | D:5      | Upgraded the game from 0.28-a0-732-g75e6d9b to
                  | 0.28-a0-751-gef3a642
  5027 | D:6      | Noticed a steam dragon
  5153 | D:6      | Reached XP level 8. HP: 39/50 MP: 8/8
  5369 | D:5      | Reached skill level 9 in Stealth
  5578 | D:6      | Noticed a two-headed ogre
  5896 | D:6      | Found a shadowy altar of Dithmenos.
  5896 | D:6      | Found a shimmering altar of Xom.
  6034 | D:6      | Reached skill level 10 in Stealth
  6120 | D:6      | Found an ancient bone altar of Kikubaaqudgha.
  6369 | D:7      | Noticed Menkaure
  6376 | D:7      | Killed Menkaure
  7055 | D:7      | Reached XP level 9. HP: 57/57 MP: 9/9
  7178 | D:6      | Reached skill level 1 in Short Blades
  8433 | D:8      | Reached skill level 1 in Shields
  8523 | D:8      | Reached skill level 5 in Short Blades
  8902 | D:9      | Noticed a troll
  9629 | D:9      | Found a staircase to the Lair.
 10160 | D:10     | Entered Level 10 of the Dungeon
 10168 | D:10     | Noticed Nergalle
 10413 | D:10     | Noticed a kobold demonologist
 10455 | Lair:1   | Entered Level 1 of the Lair of Beasts
 10535 | Lair:1   | Noticed a komodo dragon
 10558 | Lair:1   | Noticed a rime drake
 10738 | D:9      | Killed a troll
 10755 | D:10     | Identified the +6 dagger "Posau" {freeze, Fragile rElec
                  | rPois Int-3}
 10767 | D:10     | Noticed a cyan ugly thing
 10794 | D:10     | Killed a cyan ugly thing
 10795 | D:10     | Reached XP level 10. HP: 23/66 MP: 10/10
 10997 | D:10     | Upgraded the game from 0.28-a0-751-gef3a642 to
                  | 0.28-a0-752-g0db16c8
 11399 | D:11     | Noticed a two-headed ogre
 11399 | D:11     | Noticed a two-headed ogre
 12000 | D:11     | Noticed a cyclops
 12063 | D:11     | Noticed a two-headed ogre
 12132 | D:10     | Killed Nergalle
 12409 | Lair:1   | Noticed a five-headed hydra
 12412 | Lair:1   | Killed a five-headed hydra
 12619 | D:10     | Noticed a smoke demon
 13011 | D:11     | Reached skill level 10 in Fighting
 13094 | D:11     | Noticed Gastronok
 13332 | D:12     | Noticed a manticore
 13440 | Lair:2   | Found a staircase to the Snake Pit.
 13477 | Lair:2   | Noticed a cane toad
 13478 | Lair:2   | Noticed a black mamba
 13535 | Lair:2   | Noticed a cane toad
 13619 | Lair:2   | Noticed a cane toad
 13945 | Lair:1   | Reached XP level 11. HP: 63/63 MP: 11/11
 14075 | D:6      | Fell from the grace of Ignis
 14075 | D:6      | Became a worshipper of Dithmenos the Shadowed
 14173 | Lair:1   | Reached skill level 1 in Evocations
 14431 | Lair:2   | Reached skill level 10 in Dodging
 15004 | D:12     | Found a transporter.
 15006 | D:12     | Found a transporter.
 15006 | D:12     | Noticed a two-headed ogre
 15018 | D:12     | Found Laush's Weapon Shop.
 15082 | D:12     | Noticed Caerwyn's ghost (journeyman DjCj)
 15084 | D:12     | Noticed a two-headed ogre
 15087 | D:12     | Noticed a two-headed ogre
 15087 | D:12     | Noticed a two-headed ogre
 15088 | D:12     | Identified the +0 giant club "Potrasty" {speed, rN+}
 15088 | D:12     | Identified the +5 great mace "Zecus" {drain, Will- rCorr
                  | Int+3}
 15088 | D:12     | Noticed an ettin
 15141 | D:12     | Noticed a seven-headed hydra
 15183 | D:11     | Noticed an ogre mage
 15183 | D:11     | Noticed a two-headed ogre
 15183 | D:11     | Noticed a two-headed ogre
 15264 | Lair:2   | You fall into a shaft and drop 1 floor!
 15466 | Lair:2   | Reached * piety under Dithmenos
 15485 | Lair:2   | Learned a level 4 spell: Cause Fear
 15532 | Lair:2   | Reached skill level 10 in Short Blades
 15565 | Lair:2   | You fall into a shaft and drop 2 floors!
 15669 | Lair:4   | Reached skill level 5 in Evocations
 15699 | Lair:4   | You fall into a shaft and drop 2 floors!
 15699 | Lair:6   | Entered Level 6 of the Lair of Beasts
 15905 | Lair:5   | You fall into a shaft and drop 1 floor!
 15905 | Lair:6   | Noticed a catoblepas
 16151 | Lair:5   | Noticed a lindwurm
 16177 | Lair:5   | Noticed an eight-headed hydra
 16183 | Lair:5   | Killed an eight-headed hydra
 16237 | Lair:4   | Noticed a boulder beetle
 16243 | Lair:4   | Reached XP level 12. HP: 36/77 MP: 4/12
 16528 | Lair:2   | Was forgiven by Ignis
 17004 | Lair:2   | Reached ** piety under Dithmenos
 18513 | Lair:3   | Reached skill level 11 in Stealth
 19397 | Lair:3   | Reached *** piety under Dithmenos
 19413 | Lair:3   | Upgraded the game from 0.28-a0-752-g0db16c8 to
                  | 0.28-a0-770-gc05be32
 19556 | Lair:4   | Reached skill level 12 in Stealth
 19977 | Lair:4   | Killed a boulder beetle
 20300 | Lair:4   | Reached XP level 13. HP: 41/82 MP: 5/13
 20539 | Lair:4   | You fall into a shaft and drop 1 floor!
 20556 | Lair:5   | Found a staircase to the Slime Pits.
 20556 | Lair:5   | Found a viscous altar of Jiyva.
 20701 | Lair:5   | Reached skill level 13 in Stealth
 22025 | Lair:4   | Reached **** piety under Dithmenos
 22736 | Snake:1  | Entered Level 1 of the Snake Pit
 22760 | Lair:2   | Reached skill level 1 in Hexes
 23049 | Snake:1  | Reached skill level 14 in Stealth
 23101 | Lair:2   | Found a staircase to the Swamp.
 23332 | Swamp:1  | Entered Level 1 of the Swamp
 23649 | Swamp:1  | Noticed a bunyip
 23991 | Swamp:1  | Reached skill level 5 in Hexes
 23991 | Swamp:1  | Reached skill level 10 in Evocations
 24588 | Lair:5   | Reached skill level 15 in Stealth
 25690 | D:10     | Upgraded the game from 0.28-a0-770-gc05be32 to
                  | 0.28-a0-771-g91a516d
 25766 | D:12     | Reached skill level 16 in Stealth
 25927 | D:12     | Learned a level 3 spell: Tukima's Dance
 26338 | D:12     | Found a staircase to the Orcish Mines.
 26350 | Orc:1    | Entered Level 1 of the Orcish Mines
 26706 | Orc:1    | Reached XP level 14. HP: 88/88 MP: 14/14
 27014 | Orc:1    | Paralysed by an orc sorcerer for 5 turns
 27498 | Orc:2    | Entered Level 2 of the Orcish Mines
 27507 | Orc:2    | Found a staircase to the Elven Halls.
 27603 | Orc:2    | Found Utesem's Distillery.
 27611 | Orc:2    | Bought a potion of heal wounds for 75 gold pieces
 27611 | Orc:2    | Bought a potion of might for 60 gold pieces
 27907 | Orc:2    | Found a runed translucent gate.
 28323 | Orc:2    | Noticed nllptrxc's ghost (journeyman DECj)
 28323 | Orc:2    | Found a runed translucent gate.
 28324 | Orc:2    | Found a runed translucent gate.
 28635 | Orc:2    | Reached skill level 17 in Stealth
 28697 | Orc:2    | Found a radiant altar of Vehumet.
 29039 | Orc:1    | Noticed Erica
 30010 | Orc:1    | Reached skill level 1 in Spellcasting
 31349 | Lair:2   | Upgraded the game from 0.28-a0-771-g91a516d to
                  | 0.28-a0-792-g75f770b
 31677 | Snake:1  | Identified the +2 pair of gloves "Hoizxoej" {Rampage rF+
                  | Will++}
 31690 | Snake:1  | Noticed Asterion
 31728 | Snake:1  | Killed Asterion
 34619 | Orc:1    | Reached skill level 5 in Spellcasting
 34743 | Orc:2    | Found Ivvahe's Magic Scroll Shop.
 34781 | Orc:2    | Found Fatz's Assorted Antiques.
 35031 | Orc:2    | Found Beci's Distillery.
 35039 | Orc:2    | Bought a potion of curing for 33 gold pieces
 35039 | Orc:2    | Bought a potion of might for 44 gold pieces
 35039 | Orc:2    | Bought a potion of might for 44 gold pieces
 35041 | Orc:2    | Bought an ivory long sword for 187 gold pieces
 35041 | Orc:2    | Identified the +2 long sword of Spite {flame, rElec rN+
                  | Stlth+} (You bought it in a shop on level 2 of the Orcish
                  | Mines)
 35041 | Orc:2    | Bought a potion of curing for 66 gold pieces
 35041 | Orc:2    | Bought 3 scrolls labelled KEIKOX MOUDDO for 66 gold pieces
 35041 | Orc:2    | Found Cyd Sih's Weapon Shoppe.
 35049 | Orc:2    | Bought 6 atropa-tipped darts for 54 gold pieces
 35049 | Orc:2    | Bought the +7 rapier of the Mushroom {venom, rF+ Str+3
                  | Int-3} for 807 gold pieces
 35051 | Orc:2    | Bought a scroll of blinking for 135 gold pieces
 35051 | Orc:2    | Bought a scroll of enchant weapon for 135 gold pieces
 35051 | Orc:2    | Bought a scroll of identify for 36 gold pieces
 35051 | Orc:2    | Bought 2 scrolls of teleportation for 108 gold pieces
 35051 | Orc:2    | Bought a scroll of teleportation for 54 gold pieces
 35255 | Orc:1    | Noticed an orc warlord
 35386 | Orc:2    | Upgraded the game from 0.28-a0-792-g75f770b to
                  | 0.32-a0-42-ga30500b
 35386 | Orc:2    | Quit the game

Illustrated notes

Levels and vault maps discovered:
D:1:      nzn_arrival_crosshair, layout_loops_cross, serial_glass,
          glass_columns_c, glass_columns_a, glass_columns_b, glass_columns_a,
          ebering_ecumenical_altar_webs
D:2:      layout_rooms, minmay_tetromino_i4
D:3:      layout_basic, mainiacjoe_overflow_24_doors, minmay_misc_feat_hallway,
          st_stairs_11
D:4:      layout_basic, uniq_natasha
D:5:      layout_basic, kennysheep_mini, temple_fountains
D:6:      layout_basic, mainiacjoe_overflow_boulevard,
          chequers_temple_overflow_statue_of_worship, st_stairs_6
D:7:      layout_rooms, kennysheep_generic_room_10, uniq_menkaure
D:8:      layout_basic, kennysheep_generic_room_5
D:9:      layout_basic, dpeg_oklobed_lair
D:10:     layout_layer_cave, serial_rivers, chequers_serial_rivers_small_b,
          chequers_serial_rivers_micro_c, chequers_serial_rivers_small_3,
          chequers_serial_rivers_small_3, uniq_nergalle
D:11:     layout_grid_maze, minmay_lizard_king, uniq_gastronok
D:12:     layout_cave_pools, david_orc_4, gammafunk_ghost_smash, serial_shops,
          nicolae_shop_waterfront
Lair:1:   layout_chaotic_city, chequers_serial_rivers_micro_c,
          grunt_megastairs_1
Lair:2:   layout_chaotic_city, minmay_swamp_entry_worms,
          guppyfry_snake_entry_island, cheibrodos_lair_lostbears
Lair:3:   layout_long_grid, special_room [special_room_bee],
          lemuel_old_faithful, lemuel_fruit_tree, infiniplex_staircase_pool_2
Lair:4:   cheibrodos_lair_overgrown_chateau, layout_misc_corridors
Lair:5:   layout_cave_pods, slime_altar_1, minivault_23, grunt_megastairs_5
Lair:6:   grunt_lair_end_beastmaster, layout_cave_pods, serial_rivers,
          chequers_serial_rivers_large_b, chequers_serial_rivers_room_b,
          chequers_serial_rivers_micro_c, chequers_serial_rivers_small_3,
          enter_volcano_1, lookout_lair_type, grunt_forest_small_clearing_treed,
          serial_bayou_shore_b, serial_bayou_shore_a, infiniplex_staircase_pool,
          lemuel_fruit_fields
Swamp:1:  nicolae_swamp_standing_stones, layout_basic_swamp, serial_swamp_ruin,
          evilmike_swamp_ruin_house_3, evilmike_swamp_ruin_house_5,
          hangedman_swamp_ruin_wall, swamp_pool1, nicolae_swamp_bloodsuckers_inc
Swamp:2:  layout_basic_swamp, evilmike_swamp_ruin_house_1, uniq_nikola
Snake:1:  layout_basic, uniq_asterion, uniq_jorgrun
Orc:1:    layout_caves, serial_shops, nicolae_shop_behind_doors, uniq_erica
Orc:2:    st_orc_elflike, layout_caves, biasface_ghost_orc_armoury,
          serial_shops, nicolae_shop_crystal, basic_altar

Skill      XL: |  1  2  3  4  5  6  7  8  9 10 11 12 13 14 |
---------------+-------------------------------------------+-----
Fighting       | 3 4 5 7 9 10 | 10.4
Stealth        | 4 5 6 7 8 10 12 16 17 | 17.0
Dodging        | 4 5 6 8 9 10 12 | 12.5
Short Blades   | 5 8 11 13 | 13.8
Shields        | 3 4 |  4.0
Evocations     | 6 8 10 | 10.0
Hexes          | 6 8 |  8.0
Spellcasting   | 5 |  5.0
Long Blades    | |  3.0

Action                     |  1- 3 |  4- 6 |  7- 9 | 10-12 | 13-15 || total
---------------------------+-------+-------+-------+-------+-------++-------
  Melee: Falchion          |   122 |   211 |   201 |       |       ||   534
         Bite              |    11 |    29 |    36 |   156 |   164 ||   396
         Rapier            |       |       |    25 |       |    23 ||    48
         Long sword        |       |       |    83 |       |       ||    83
         Dagger            |       |       |     9 |  1119 |  1163 ||  2291
   Fire: Sling             |       |     3 |       |       |       ||     3
  Throw: Stone             |       |     2 |       |       |       ||     2
         Dart              |       |       |    49 |   120 |   307 ||   476
 Invoke: Foxfire Swarm     |     1 |     1 |     3 |     5 |       ||    10
         Rising Flame      |       |       |       |     1 |       ||     1
         Shadow Step       |       |       |       |       |     2 ||     2
Ability: Exsanguinate      |       |       |     1 |     1 |       ||     2
         Bat Form          |       |       |       |     1 |       ||     1
         Revivify          |       |       |       |     1 |       ||     1
  Evoke: Wand              |       |       |    28 |    25 |    25 ||    78
         Removed chess pie |       |       |       |     5 |     2 ||     7
         Phantom mirror    |       |       |       |     2 |     2 ||     4
         Lightning rod     |       |       |       |     6 |     7 ||    13
         Box of beasts     |       |       |       |       |     2 ||     2
    Use: Scroll            |       |       |    10 |     8 |    14 ||    32
         Potion            |       |       |     2 |     4 |    15 ||    21
   Stab: Sleeping          |     2 |     7 |    16 |    21 |    26 ||    72
         Distracted        |       |       |     3 |     2 |     7 ||    12
         Paralysed         |       |       |       |     3 |     4 ||     7
         Invisible         |       |       |       |       |     3 ||     3
 Armour: Ring mail         |    41 |    16 |       |       |       ||    57
         Scale mail        |       |    46 |   101 |     7 |       ||   154
         Acid dragon scale |       |       |       |   115 |    95 ||   210
  Dodge: Dodged            |    83 |    95 |   190 |   595 |   559 ||  1522
         Repelled          |       |       |       |     4 |     5 ||     9
  Block: Buckler           |       |       |    21 |   176 |   226 ||   423

Table legend: (Time is in decaauts)
 A = Elapsed time spent in this place.
 B = Non-inter-level travel time spent in this place.
 C = Inter-level travel time spent in this place.
 D = Time resting spent in this place.
 E = Time spent auto-exploring this place.
 F = Levels seen in this place.
 G = Mean time per level.
                   A        B        C        D        E       F      G
               +--------+--------+--------+--------+--------+-----+--------+
         Total |  34525 |  30827 |   3698 |   9090 |   6216 |  23 | 1501.1 |
       Dungeon |  15692 |  13132 |   2560 |   2002 |   2621 |  12 | 1307.7 |
          Lair |  12230 |  11491 |    739 |   5173 |   2515 |   6 | 2038.3 |
         Swamp |    943 |    889 |     54 |    300 |      0 |   2 |  471.5 |
     Snake Pit |   1196 |   1151 |     45 |    359 |     33 |   1 | 1196.0 |
  Orcish Mines |   4462 |   4163 |    299 |   1255 |   1047 |   2 | 2231.0 |
               +--------+--------+--------+--------+--------+-----+--------+

Top non-repeatable levels by time:
  Lair:2: 3931 daAuts
  Lair:4: 2711 daAuts
   Orc:2: 2528 daAuts
  Lair:3: 2431 daAuts
     D:6: 2130 daAuts
  Lair:5: 1963 daAuts
   Orc:1: 1934 daAuts
     D:9: 1904 daAuts
    D:10: 1862 daAuts
    D:12: 1587 daAuts
     D:4: 1524 daAuts
 Snake:1: 1196 daAuts
    D:11: 1144 daAuts
  Lair:1: 1112 daAuts
     D:5: 1085 daAuts
